 Dungeon Crawl Stone Soup version 0.29.1-1-gd02db6906a (webtiles) character file.

Game seed: 2875111111919263456

175 fireball365 the Covered (level 5, -4/47 HPs)
             Began as a Minotaur Fighter on Oct 9, 2022.
             Was a Priest of Jiyva.
             Killed by divine providence
             ... invoked by an orc priest
              (10 damage)
             ... on level 4 of the Dungeon on Oct 10, 2022.
             The game lasted 00:16:52 (2870 turns).

fireball365 the Covered (Minotaur Fighter)          Turns: 2870, Time: 00:16:53

Health: -4/47      AC: 12    Str: 21    XL:     5   Next: 29%
Magic:  4/4        EV:  6    Int:  7    God:    Jiyva [***...]
Gold:   42         SH:  4    Dex:  9    Spells: 4/4 levels left

rFire   . . .      SeeInvis .   u - +2 mace (vorpal)
rCold   . . .      Faith    +   c - +0 buckler
rNeg    + . .      Spirit   .   n - +0 plate armour
rPois   .          Reflect  .   (helmet restricted)
rElec   .          Harm     .   (no cloak)
rCorr   +          Rampage  .   (no gloves)
Will    .....                   (no boots)
Stlth   ..........              e - amulet of faith
HPRegen 1.27/turn               g - ring of positive energy
MPRegen 0.44/turn               t - ring of wizardry

@: unable to read
A: horns 2, retaliatory headbutt, inability to read after injury 1
a: Renounce Religion, Oozemancy


You were on level 4 of the Dungeon.
You worshipped Jiyva.
Jiyva was most pleased with you.
You visited 1 branch of the dungeon, and saw 4 of its levels.

You collected 42 gold pieces.

Inventory:

Hand Weapons
 a - a +0 long sword
 i - a +0 hand axe
 q - a +0 spear
 u - a +2 vorpal mace (weapon)
Missiles
 m - 19 stones (quivered)
Armour
 b - a +0 scale mail
 c - a +0 buckler (worn)
 n - a +0 plate armour (worn)
 s - a +0 chain mail
Jewellery
 e - an amulet of faith (around neck)
 g - a ring of positive energy (left hand)
 t - a ring of wizardry (right hand)
Scrolls
 f - 2 scrolls of teleportation {unknown}
 h - a scroll of immolation {unknown}
 j - 2 scrolls of identify
 o - a scroll of magic mapping {unknown}
 w - a scroll of poison {unknown}
 x - a scroll of noise {unknown}
Potions
 d - a potion of might
 k - a potion of mutation
 l - a potion of degeneration {unknown}
 p - a potion of lignification {unknown}
 r - a potion of ambrosia {unknown}
 v - a potion of curing {unknown}
 z - 2 potions of flight


   Skills:
 + Level 4.8 Fighting
 + Level 4.3 Long Blades
 + Level 5.1 Armour
 + Level 0.2 Dodging
 + Level 3.9 Shields


You had 4 spell levels left.
You didn't know any spells.
Your spell library contained the following spells:

 Spells                   Type           Power      Damage    Failure   Level
 Beastly Appendage        Tmut           0%         N/A       99%         1
 Magic Dart               Conj           0%         1d3       99%         1
 Call Imp                 Summ           0%         N/A       100%        2
 Wereblood                Tmut           0%         N/A       100%        2
 Mephitic Cloud           Conj/Pois/Air  0%         N/A       100%        3
 Spider Form              Tmut/Pois      0%         N/A       100%        3


Dungeon Overview and Level Annotations

Branches:
Dungeon (4/15)
 Temple: D:4-7

Altars:
Cheibriados
Kikubaaqudgha
Jiyva


Innate Abilities, Weirdness & Mutations

You have a pair of horns on your head.
You reflexively headbutt those who attack you in melee.
You occasionally lose the ability to read scrolls when taking damage.


Message History

The orc priest calls down the wrath of Beogh upon you.
Beogh smites you!
The orc priest invokes the aid of Beogh against you.
Beogh smites you!
You hit the orc priest.
The orc priest is lightly wounded.
You block the orc priest's attack.
You hit the orc priest but do no damage.
You headbutt the orc priest!
The orc priest is severely wounded.
You block the orc priest's attack.
The orc priest invokes the aid of Beogh against you.
Pain shoots through your body!
The orc priest mumbles some strange prayers to Beogh against you.
Beogh smites you!
* * * LOW HITPOINT WARNING * * *
The orc priest hits you but does no damage. x2
The orc priest hits you with a +0 dagger.
* * * LOW HITPOINT WARNING * * *
The orc wizard casts a spell at you. The magic dart hits you.
* * * LOW HITPOINT WARNING * * *
It was a potion of mutation.
You feel extremely strange.
Your large bone plates disappear.
You feel clumsy. x2
The jelly growth is reabsorbed into your body.
You occasionally lose the ability to read scrolls when taking damage.
The orc priest invokes the aid of Beogh against you.
Pain shoots through your body!
* * * LOW HITPOINT WARNING * * *
The orc wizard barely misses you.
The orc priest hits you but does no damage.
You block the orc priest's attack.
You hear a series of splatters.
As you read the scroll labelled MUANUWIDEL, it crumbles to dust.
It is a scroll of identify.
z - 2 potions of flight The orc priest invokes the aid of Beogh against you.
Beogh smites you!
You feel threatened and lose the ability to read scrolls!
You die...

. ##........# #.#.#.#.#
#.##.........# ##..#.#.#.
#............# #....#.#..
..##.........###.........
. #............#.........
###......#..##...........
##.......................
.....##.........oo.......
....##..........@o.......
...#.............o.......
.........................
.......
##...............##......
...... #..............###
..##.. ..#..
..............#..# .#.. .
###....
.............###......##
...... .............#
#...# # #....
............## ...# #....


You could see 3 orc priests and an orc wizard.

Vanquished Creatures
  3 orc priests
  An iguana (D:4)
  An adder (D:3)
  2 worms (D:2)
  2 dart slugs
  6 orcs
  4 endoplasms
  A giant cockroach (D:2)
  5 goblins (D:1)
  7 hobgoblins
  2 quokkas
  6 ball pythons
  4 bats
  4 frilled lizards
  6 kobolds
  4 rats (D:2)
58 creatures vanquished.

Vanquished Creatures (others)
  Sigmund (D:3)
  2 jellies (D:3)
  A worm (D:3)
  A dart slug (D:3)
  4 orcs (D:3)
  2 bats (D:3)
  An endoplasm (D:3)
  3 goblins (D:3)
  3 hobgoblins
  A ball python (D:3)
  A frilled lizard (D:3)
  2 kobolds
  A rat (D:3)
23 creatures vanquished.

Grand Total: 81 creatures vanquished

Notes
Turn   | Place    | Note
-------+----------+-------------------------------------------
     0 | D:1      | fireball365 the Minotaur Fighter began the quest for the
                  | Orb.
     0 | D:1      | Reached XP level 1. HP: 19/19 MP: 0/0
   370 | D:1      | Reached skill level 4 in Armour
   536 | D:1      | Reached XP level 2. HP: 26/27 MP: 1/1
  1288 | D:2      | Reached XP level 3. HP: 29/33 MP: 2/2
  1540 | D:2      | Found a faded altar of an unknown god.
  1548 | D:2      | Prayed at the altar of an unknown god.
  1548 | D:2      | Became a worshipper of Jiyva Jemaf the Shapeless
  1548 | D:2      | Reached * piety under Jiyva
  1956 | D:3      | Killed Sigmund
  1983 | D:3      | Reached XP level 4. HP: 33/40 MP: 3/3
  1996 | D:3      | Reached skill level 5 in Armour
  2012 | D:3      | Found a snail-covered altar of Cheibriados.
  2058 | D:3      | Found an ancient bone altar of Kikubaaqudgha.
  2269 | D:3      | Reached ** piety under Jiyva
  2561 | D:4      | Reached XP level 5. HP: 47/47 MP: 4/4
  2743 | D:4      | Reached *** piety under Jiyva
  2860 | D:4      | Gained mutation: You have a small jelly attached to you
                  | that may absorb projectiles. [Jiyva's grace]
  2860 | D:4      | Gained mutation: You are agile. (Dex +4, Str/Int -1)
                  | [Jiyva's grace]
  2860 | D:4      | Gained mutation: You are very agile. (Dex +8, Str/Int -2)
                  | [Jiyva's grace]
  2860 | D:4      | Gained mutation: You are partially covered in large bone
                  | plates. (SH +4) [Jiyva's grace]
  2869 | D:4      | Lost mutation: You are partially covered in large bone
                  | plates. (SH +4) [potion of mutation]
  2869 | D:4      | Lost mutation: You are very agile. (Dex +8, Str/Int -2)
                  | [potion of mutation]
  2869 | D:4      | Lost mutation: You are agile. (Dex +4, Str/Int -1) [potion
                  | of mutation]
  2869 | D:4      | Lost mutation: You have a small jelly attached to you that
                  | may absorb projectiles. [potion of mutation]
  2869 | D:4      | Gained mutation: You occasionally lose the ability to read
                  | scrolls when taking damage. [potion of mutation]
  2870 | D:4      | Killed from afar by an orc priest

Illustrated notes

Levels and vault maps discovered:
D:1:      nicolae_arrival_somewhat_less_tricky_arrival, layout_basic
D:2:      layout_rooms, shapermc_ecumenical_altar_totnotflames,
          minmay_misc_feat_plants, minmay_misc_feat_room
D:3:      layout_basic, kennysheep_slug_shrine, lemuel_round_altar,
          chequers_serial_rivers_marsh, guppyfry_early_orc_mine, uniq_sigmund
D:4:      layout_layer_cave, minmay_temple_entry_grid

Skill      XL: |  1  2  3  4 |
---------------+-------------+-----
Armour         | 4 5 |  5.1
Fighting       | 4 |  4.8
Long Blades    | 3 4 |  4.3
Dodging        | |  0.2
Shields        | |  3.9

Action                   |  1- 3 |  4- 6 || total
-------------------------+-------+-------++-------
Melee: Long sword        |   116 |     6 ||   122
       Headbutt          |    16 |     6 ||    22
       Mace              |       |    17 ||    17
  Use: Scroll            |       |     1 ||     1
       Potion            |       |     1 ||     1
Armor: Scale mail        |    13 |       ||    13
       Plate armour      |    95 |    15 ||   110
Dodge: Dodged            |    55 |    13 ||    68
Block: Buckler           |    29 |    10 ||    39
